 Dungeon Crawl Stone Soup version 0.29.1-15-g9cfb28693d (webtiles) character file.

Game seed: 13257826102628147479

49 growler the Insei (level 3, -3/26 HPs)
             Began as a Merfolk Transmuter on May 7, 2023.
             Slain by a gnoll
             ... wielding a +0 club
              (6 damage)
             ... on level 2 of the Dungeon.
             The game lasted 00:03:26 (1660 turns).

growler the Insei (Merfolk Transmuter)              Turns: 1660, Time: 00:03:26

Health: -3/26      AC:  2    Str: 10    XL:     3   Next: 77%
Magic:  4/6        EV: 12    Int: 14    God:
Gold:   22         SH:  0    Dex: 14    Spells: 1/7 levels left

rFire   . . .      SeeInvis .     - Unarmed
rCold   . . .      Faith    .   (no shield)
rNeg    . . .      Spirit   .   a - +0 robe
rPois   .          Reflect  .   (helmet currently unavailable)
rElec   .          Harm     .   (no cloak)
rCorr   .          Rampage  .   (no gloves)
Will    .....                   (boots currently unavailable)
Stlth   +.........              (no amulet)
HPRegen 0.08/turn               (no ring)
MPRegen 0.10/turn               (no ring)

@: appendages (expiring), wereblooded
A: horns 2, (nimble swimmer 2), mertail
a: End Transformation


You were on level 2 of the Dungeon.
You had temporarily grown beastly horns.
You visited 1 branch of the dungeon, and saw 2 of its levels.

You collected 22 gold pieces.

Inventory:

Armour
 a - a +0 robe (worn)
Scrolls
 c - a scroll of blinking
 d - a scroll of teleportation {unknown}
 g - a scroll of fear {unknown}
 h - a scroll of noise {unknown}
Potions
 b - a potion of lignification
 e - a potion of curing {unknown}
 f - 2 potions of attraction {unknown}
 i - a potion of might {unknown}


   Skills:
 - Level 1.2 Fighting
 - Level 2.7 Dodging
 + Level 3.9 Unarmed Combat
 + Level 2.6 Spellcasting
 + Level 3.7 Transmutations


You had one spell level left.
You knew the following spells:

 Your Spells              Type           Power      Damage    Failure   Level
a - Beastly Appendage     Tmut           24%        N/A       4%          1
b - Wereblood             Tmut           12%        N/A       8%          2
c - Spider Form           Tmut/Pois      7%         N/A       30%         3

Your spell library contained the following spells:

 Spells                   Type           Power      Damage    Failure   Level
 Ignite Poison            Fire/Tmut/Pois 5%         N/A       38%         3
 Conjure Flame            Conj/Fire      1%         6-21      56%         3
 Ice Form                 Ice/Tmut       7%         N/A       71%         4
 Sticky Flame             Conj/Fire      1%         2d3       92%         4


Dungeon Overview and Level Annotations

Branches:
Dungeon (2/15)

Altars:


Innate Abilities, Weirdness & Mutations

You have temporarily grown beastly horns.
((You are very nimble when in or above water. (Stealth+, EV+, Speed+++)))
Your lower body shifts to a powerful aquatic tail in water.


Message History

You feel a bit better.
You kill the jackal!
You closely miss the jackal.
You howl as the wereblood boils in your veins!
The jackal bites you. x2
You hit the jackal.
You feel a bit better.
You kill the jackal!
You hit the gnoll. You headbutt the gnoll.
The gnoll is heavily wounded.
The gnoll hits you with a +0 flail.
You barely miss the gnoll.
The gnoll is heavily wounded.
You hit the gnoll. You headbutt the gnoll.
You feel a bit better.
You kill the gnoll!
You miss the frilled lizard. The frilled lizard bites you.
You punch the frilled lizard!
You feel a bit better.
You kill the frilled lizard!
The gnoll barely misses you.
Your transformation is almost over.
The gnoll hits you with a +0 halberd.
Things that are here:
a +0 flail; a frilled lizard corpse; a jackal corpse You hit the gnoll.
The gnoll is moderately wounded.
The gnoll barely misses you.
You hit the gnoll.
The gnoll is almost dead.
The gnoll misses you.
You barely miss the gnoll.
The gnoll is almost dead.
The gnoll hits you with a +0 halberd!
Ouch! That really hurt!
* * * LOW HITPOINT WARNING * * *
You punch the gnoll!
You feel a bit better.
You kill the gnoll!
You barely miss the gnoll. The gnoll closely misses you.
You hit the gnoll.
The gnoll is moderately wounded.
The gnoll hits you with a +0 club.
You die...

#......# #.....#..#....
#......# ..........#.
#.#....######..........
#..........##g.......##
###..##.##...Kgg.......
#..#.....l#.......###
#.....##.##..........
##.#####.##........##
#....@gg#########.#
######### #


You could see 2 gnolls.

Vanquished Creatures
  2 gnolls (D:2)
  A worm (D:2)
  2 dart slugs (D:1)
  2 ball pythons
  4 endoplasms (D:1)
  A giant cockroach (D:1)
  A goblin (D:1)
  A hobgoblin (D:2)
  2 jackals (D:2)
  3 kobolds (D:1)
  2 bats (D:2)
  A frilled lizard (D:2)
  A rat (D:1)
23 creatures vanquished.

Notes
Turn   | Place    | Note
-------+----------+-------------------------------------------
     0 | D:1      | growler the Merfolk Transmuter began the quest for the Orb.
     0 | D:1      | Reached XP level 1. HP: 15/15 MP: 3/3
   191 | D:1      | Reached XP level 2. HP: 4/21 MP: 3/5
   719 | D:1      | Found a faded altar of an unknown god.
   776 | D:1      | Learned a level 2 spell: Wereblood
  1489 | D:2      | Reached XP level 3. HP: 16/26 MP: 6/6
  1493 | D:2      | Learned a level 3 spell: Spider Form
  1660 | D:2      | Slain by a gnoll

Illustrated notes

Levels and vault maps discovered:
D:1:      minmay_arrival_cross, layout_basic,
          chequers_ecumenical_altar_simple_redux
D:2:      layout_loops_cross, uniq_jessica

Skill      XL: |  1 |
---------------+----+-----
Transmutations | 3 |  3.7
Fighting       | |  1.2
Dodging        | |  2.7
Unarmed Combat | |  3.9
Spellcasting   | |  2.6

Action                   || total
-------------------------++-------
Melee: Unarmed           ||    80
       Headbutt          ||     5
       Punch             ||     2
 Cast: Beastly Appendage ||     5
       Wereblood         ||     1
  Use: Scroll            ||     1
 Stab: Sleeping          ||     2
Armor: Robe              ||    12
Dodge: Dodged            ||    38
